 Dungeon Crawl Stone Soup version 0.31.0-12-g77e489cdc1 (webtiles) character file.

Game seed: 15646783646039264205

245963 ripuliukko the Eclecticist (level 19, 0/111 (113) HPs)
             Began as a Gargoyle Earth Elementalist on Mar 5, 2024.
             Was the Champion of Vehumet.
             Killed by Lee's Rapid Deconstruction
             ... invoked by a ghostly deep elf elementalist
              (18 damage)
             ... on level 3 of the Elven Halls.
             The game lasted 01:25:30 (41775 turns).

ripuliukko the Eclecticist (GrEE)                  Turns: 41775, Time: 01:25:31

HP:   0/111 (113)   AC: 28    Str: 13    XL:     19   Next: 49%
MP:   18/51         EV: 17    Int: 23    God:    Vehumet [******]
Gold: 1532          SH:  0    Dex: 12    Spells: 6/56 levels left

rFire   + . .        a - staff of earth
rCold   + . .        (no shield)
rNeg    + . .        O - +3 troll leather armour
rPois   ∞            c - +1 helmet
rElec   +            n - scarf {rC+ rF+}
rCorr   +            V - +1 pair of gloves
SInv    +            r - +1 pair of boots
Will    +....        J - amulet of magic regeneration
Stlth   ++           C - ring "Weca Jit" {rPois MP+9 Dex+2 SInv}
HPRegen 1.18/turn    y - ring "Ylao" {rElec rCorr EV+5}
MPRegen 0.72/turn

%: no passive effects
@: about to teleport, flying, studying Fighting, lightly drained
A: sickness immunity, AC +14, big wings, negative energy resistance 1,
electricity resistance, torment resistance 1, petrification resistance
}: 2/15 runes: serpentine, barnacled
a: Renounce Religion


You were on level 3 of the Elven Halls.
You worshipped Vehumet.
Vehumet was exalted by your worship.
You visited 7 branches of the dungeon, and saw 31 of its levels.
You also visited: Sewer, Bailey and Ice Cave.

You collected 3175 gold pieces.
You spent 1643 gold pieces at shops.

Inventory:

Hand Weapons
 j - the +9 quarterstaff of Veicatih {venom, Fly Will+ Dex-2 Stlth+}
   (You found it on level 2 of the Lair of Beasts)

   Dex-2:     It affects your dexterity (-2).
   Will+:     It increases your willpower.
   Fly:       It grants you flight.
   Stlth+:    It makes you more stealthy.
Missiles
 K - 5 throwing nets
Armour
 c - a +1 helmet (worn)
 n - a scarf of resistance (worn)
 r - a +1 pair of boots (worn)
 u - a +2 robe of cold resistance
 O - a +3 troll leather armour (worn)
 V - a +1 pair of gloves (worn)
Magical Staves
 a - a staff of earth (weapon)
 o - a staff of alchemy
 D - a staff of cold
 H - a staff of fire
Jewellery
 m - a ring of wizardry
 v - a ring of protection from cold
 w - a ring of fire
 y - the ring "Ylao" (right hand) {rElec rCorr EV+5}
   (You took it off a necromancer on level 5 of the Lair of Beasts)

   [ring of evasion]

   EV+5:      It affects your evasion (+5).
   rElec:     It insulates you from electricity.
   rCorr:     It protects you from acid and corrosion.
 A - a ring of protection from fire
 B - an amulet of regeneration
 C - the ring "Weca Jit" (left hand) {rPois MP+9 Dex+2 SInv}
   (You bought it in a shop on level 2 of the Snake Pit)

   [ring of see invisible]

   Dex+2:     It affects your dexterity (+2).
   rPois:     It protects you from poison MP+9: It affects your magic capacity
   (+9).
   SInv:      It lets you see invisible.
 G - a ring of ice
 J - an amulet of magic regeneration (around neck)
 L - a ring of ice
 M - the ring "Cuczudis" {Str+6 Dex+4}
   (You found it on level 8 of the Dungeon)

   [ring of strength]

   Str+6:     It affects your strength (+6).
   Dex+4:     It affects your dexterity (+4).
 Q - a +5 ring of evasion
Wands
 e - a wand of iceblast (16)
 s - a wand of acid (1)
 F - a wand of digging (7)
 I - a wand of mindburst (3)
 X - a wand of charming (17)
Scrolls
 h - a scroll of blinking
 i - 8 scrolls of fog
 k - 4 scrolls of poison
 q - 5 scrolls of revelation
 x - 14 scrolls of enchant weapon
 E - 4 scrolls of immolation
 N - 6 scrolls of fear
 R - 7 scrolls of teleportation
 Z - 3 scrolls of amnesia
Potions
 d - 2 potions of lignification
 f - 5 potions of brilliance
 g - 5 potions of heal wounds
 l - 15 potions of curing
 p - a potion of magic
 t - 4 potions of cancellation
 z - 2 potions of might
 S - 3 potions of enlightenment
 T - 9 potions of ambrosia
 U - a potion of haste
 W - a potion of mutation
 Y - 2 potions of resistance
Miscellaneous
 b - a phial of floods
 P - a phantom mirror


   Skills:
 + Level 10.7 Fighting
 + Level 0.8(2.6) Maces & Flails
 + Level 4.0(4.1) Staves
 * Level 6.1 Armour
 + Level 2.8 Dodging
 + Level 2.7 Stealth
 * Level 19.4 Spellcasting
 + Level 14.5 Conjurations
 + Level 6.6 Fire Magic
 + Level 7.9 Ice Magic
 + Level 3.8 Air Magic
 * Level 15.2 Earth Magic
 + Level 8.8 Alchemy
 * Level 10.9 Evocations


You had 6 spell levels left.
You knew the following spells:

 Your Spells              Type           Power      Damage    Failure   Level
a - Sandblast             Erth           100%       2d20      0%          1
d - Freezing Cloud        Conj/Ice/Air   29%        6-21      1%          5
e - Lee's Rapid Deconstr  Erth           47%        3d23*     1%          5
f - Borgnjor's Vile Clut  Necr/Erth      36%        N/A       3%          5
i - Ignite Poison         Fire/Alch      55%        N/A       1%          4
q - Stone Arrow           Conj/Erth      100%       3d13      0%          3
r - Fireball              Conj/Fire      31%        3d13      1%          5
s - Starburst             Conj/Fire      31%        6d10      1%          6
t - Olgreb's Toxic Radia  Alch           58%        N/A       1%          4
w - Bombard               Conj/Erth      47%        9d8       1%          6
R - Plasma Beam           Fire/Air       23%        2x1d35    13%         6

Your spell library contained the following spells:

 Spells                   Type           Power      Damage    Failure   Level
 Sting                    Conj/Alch      100%       1d9       0%          1
 Passwall                 Erth           95%        N/A       0%          3
 Mercury Vapours          Alch/Air       100%       N/A       1%          2
 Momentum Strike          Conj/Tloc      100%       3d10      1%          2
 Scorch                   Fire           100%       2d9       1%          2
 Dazzling Flash           Conj/Hex       100%       N/A       1%          3
 Hailstorm                Conj/Ice       65%        3d12      1%          3
 Ozocubu's Armour         Ice            56%        N/A       1%          3
 Summon Ice Beast         Ice/Summ       40%        N/A       1%          3
 Volatile Blastmotes      Fire/Tloc      74%        2d16      1%          3
 Brom's Barrelling Bould  Conj/Erth      94%        2d10      1%          4
 Flame Wave               Conj/Fire      63%        2d15      1%          4
 Leda's Liquefaction      Alch/Erth      43%        N/A       1%          4
 Petrify                  Alch/Erth      86%        N/A       1%          4
 Alistair's Intoxication  Alch           38%        N/A       1%          5
 Iskenderun's Battlesphe  Conj           73%        2d12      1%          5
 Apportation              Tloc           44%        N/A       2%          1
 Necrotise                Necr           88%        1d8       2%          1
 Slow                     Hex            88%        N/A       2%          1
 Conjure Ball Lightning   Conj/Air       29%        3x3d8     2%          6
 Eringya's Noxious Bog    Alch           29%        4d6       3%          6
 Blink                    Tloc           44%        N/A       4%          2
 Jinxbite                 Hex            44%        N/A       4%          2
 Lesser Beckoning         Tloc           44%        N/A       4%          2
 Confusing Touch          Hex            22%        N/A       8%          3
 Sigil of Binding         Hex            22%        N/A       8%          3
 Vampiric Draining        Necr           22%        2d7       8%          3
 Sculpt Simulacrum        Ice/Alch       28%        N/A       13%         6
 Metabolic Englaciation   Hex/Ice        20%        N/A       14%         5
 Anguish                  Hex/Necr       11%        N/A       26%         4
 Cause Fear               Hex            11%        N/A       26%         4
 Manifold Assault         Tloc           22%        N/A       26%         4
 Martyr's Knell           Necr/Summ      22%        N/A       26%         4
 Curse of Agony           Necr           22%        N/A       58%         5
 Summon Mana Viper        Hex/Summ       22%        N/A       58%         5
 Dispersal                Tloc           11%        N/A       99%         6
 Summon Cactus Giant      Summ           11%        N/A       99%         6
 Orb of Destruction       Conj           36%        9d11      1%          7
 Lehudib's Crystal Spear  Conj/Erth      47%        10d11     11%         8
 Ozocubu's Refrigeration  Ice            28%        4d13      22%         7
 Shatter                  Erth           47%        3d36*     75%         9
 Enfeeble                 Hex            11%        N/A       100%        7
 Monstrous Menagerie      Summ           11%        N/A       100%        7
 Disjunction              Tloc           11%        N/A       100%        8
 Maxwell's Capacitive Co  Air            19%        ∞         100%        8
 Chain Lightning          Conj/Air       29%        3d39      100%        9
 Dragon's Call            Summ           11%        N/A       100%        9
 Fire Storm               Conj/Fire      31%        8d8       100%        9
 Polar Vortex             Ice            28%        12d3*     100%        9
 Cigotuvi's Dreadful Rot  Necr/Alch/Air  Unusable   N/A       N/A         2

Dungeon Overview and Level Annotations

Branches:
Dungeon (12/15)            Temple (1/1) D:6            Lair (5/5) D:11
 Shoals (4/4) Lair:3        Snake (4/4) Lair:3        Slime (0/5) Lair:4
    Orc (2/2) D:9             Elf (3/3) Orc:2         Sewer (visited)
 Bailey (visited)           IceCv (visited)

Altars:
Ashenzari
Cheibriados
Dithmenos
Elyvilon
Fedhas
Gozag
Hepliaklqana
Kikubaaqudgha
Makhleb
Nemelex Xobeh
Okawaru
Qazlal
Ru
Sif Muna
Trog
Uskayaw
Vehumet
Wu Jian
Xom
Yredelemnul
Zin
The Shining One
Jiyva

Shops:
D:6 *:   Orc:1 !   Orc:2 (?[=   Elf:1 (   Elf:2 =   Shoals:2 :   Shoals:4 (
Snake:2 ==:

Annotations:
Lair:3 exclusion: oklob plant


Innate Abilities, Weirdness & Mutations

You are immune to sickness and miasma.
Your stone body is resilient. (AC +14)
You are immune to poison.
Your large and strong wings let you fly.
You resist negative energy. (rN+)
You are resistant to electric shocks. (rElec)
You are resistant to unholy torment.
You are immune to petrification.


Message History

The ghostly deep elf annihilator points at you and mumbles some strange words.
The iron shot misses you.
A deep elf sorcerer comes into view. It is wielding a +0 rapier.
A deep elf death mage comes into view. It is wielding a +0 rapier.
Casting: Ignite Poison (safe; 1% risk of failure)
Confirm with . or Enter, or press ? or * to list all spells.
You ignite the poison in your surroundings!
The deep elf annihilator seems to burn from within!
The deep elf annihilator is moderately wounded.
The deep elf death mage seems to burn from within!
The deep elf death mage is moderately wounded.
The deep elf demonologist seems to burn from within!
The deep elf demonologist is moderately wounded.
The deep elf demonologist is poisoned.
The deep elf annihilator is poisoned.
The deep elf sorcerer is poisoned.
The deep elf death mage is poisoned. x2
The ghostly deep elf annihilator casts a spell at you.
The bolt of lightning hits you! You resist.
* * * LOW HITPOINT WARNING * * *
Unknown command.
Unknown command.
Casting: Ignite Poison (safe; 1% risk of failure)
Confirm with . or Enter, or press ? or * to list all spells.
Aiming: Freezing Cloud (mildly dangerous; 1% risk of failure)
Press: ? - help, Dir - move target, f - ghostly deep elf elementalist, p - ghostly deep elf annihilator
Aim: a ghostly deep elf elementalist, wielding a +0 short sword and wearing a +0 chain mail (repelling missiles)
The deep elf death mage looks even sicker.
The deep elf annihilator casts a spell.
The deep elf annihilator blinks!
The ghostly deep elf annihilator completely misses you.
The ghostly deep elf elementalist is engulfed in freezing vapours.
The ghostly deep elf elementalist gestures wildly while chanting.
The ghostly deep elf elementalist seems to speed up.
Unknown command.
Unknown command.
The deep elf death mage looks even sicker. x2
Your toxic aura wanes.
The ghostly deep elf elementalist is engulfed in freezing vapours.
The ghostly deep elf elementalist casts a spell at you.
You shatter!!
You die...

# #...# ##..#
#~~# #~~# #~~#
#..# #..# #..#
#@.# #..# #e.#
≈§§§≈≈
..≈§e§≈≈†.
....≈§§e≈≈†.ee
#...≈≈.†≈≈...#
######ee######


eeee You could see 2 deep elf death magi, 2 ghostly deep elf annihilators and a
ghostly deep elf elementalist (fast, repels missiles).

Vanquished Creatures
  Bai Suzhen (Snake:4)
  Vashnia (Snake:3)
  A deep elf blademaster (Elf:2)
  A kraken (Shoals:2)
  Polyphemus (Shoals:4)
  Donald (Orc:2)
  Roxanne (Shoals:3)
  A fenstrider witch (Shoals:4)
  3 nagarajas (Snake:4)
  A frost giant (Shoals:4)
  A deep elf sorcerer (Elf:1)
  A deep elf elementalist (Elf:1)
  A reaper (IceCv)
  3 orc warlords
  A deep elf demonologist (Elf:2)
  7 dire elephants
  A deep elf death mage (Elf:2)
  A deep elf annihilator (Elf:1)
  The ghost of Siddir the Blocker, a journeyman MiBe of Trog (Snake:4)
  11 merfolk impalers
  2 merfolk javelineers
  A deep elf high priest (Elf:1)
  3 salamander tyrants (Snake:4)
  4 merfolk aquamancers
  4 hydras
  3 merfolk avatars
  An ogre mage (Orc:2)
  5 anacondas
  2 centaur warriors
  3 boulder beetles
  3 catoblepae
  2 alligator snapping turtles (Shoals:4)
  7 two-headed ogres
  13 naga sharpshooters
  16 naga warriors
  2 satyrs
  10 orc high priests
  Erica (D:10)
  6 death yaks
  19 dancing weapons
  5 shock serpents
  A spectral dire elephant (Lair:5)
  11 deep elf knights
  4 skysharks
  2 salamander mystics (Snake:4)
  12 sea snakes
  An obsidian statue (Lair:5)
  11 mana vipers
  8 naga ritualists
  A spectral anaconda (Lair:5)
  6 deep elf archers
  7 harpies
  Pikel (D:6)
  A lindwurm (Lair:4)
  3 necromancers (Lair:5)
  10 orc knights
  11 deep elf pyromancers
  28 deep elf zephyrmancers
  4 orc sorcerers (Orc:2)
  6 manticores
  10 fauns
  14 salamanders
  3 cyclopes
  13 elephants
  6 kobold blastminers
  4 merfolk sirens
  Maurice (D:7)
  3 meliai (D:8)
  3 guardian serpents
  28 black mambas
  8 water nymphs
  A torpor snail (Lair:5)
  16 cane toads
  13 naga magi
  2 ice statues
  Maggie (D:7)
  A dire elephant skeleton (Lair:5)
  A gargoyle (D:8)
  A komodo dragon (shapeshifter) (D:12)
  2 unseen horrors
  3 rime drakes
  9 komodo dragons
  An anaconda simulacrum (IceCv)
  A freezing wraith (IceCv)
  21 merfolk
  A queen bee (Lair:2)
  An ice devil (IceCv)
  6 wind drakes
  6 trolls
  2 polar bears
  5 blink frogs (Lair:3)
  Grinder (D:6)
  A hornet (shapeshifter) (Elf:3)
  4 dream sheep (Lair:3)
  7 snapping turtles
  17 slime creatures
  2 fire elementals
  16 water elementals
  A spriggan (shapeshifter) (Elf:1)
  A dire elephant simulacrum (IceCv)
  2 wraiths
  8 wyverns
  56 yaks
  3 wargs
  3 basilisks
  A warg (shapeshifter) (Elf:1)
  Grum (D:8)
  3 death yak simulacra
  3 vampire mosquitoes
  Edmund (D:5)
  38 nagas
  A steam dragon (D:6)
  3 acid dragons
  A hydra simulacrum (IceCv)
  3 spectral cane toads (Lair:5)
  12 water moccasins
  Duvessa (D:6)
  46 orc warriors
  3 sky beasts
  2 black bears
  8 ogres
  2 elephant zombies (Lair:5)
  2 wolves (D:8)
  15 centaurs
  An elephant skeleton (Lair:5)
  A lemure (D:6)
  A phantom (D:4)
  11 bullfrogs
  2 earth elementals (Elf:1)
  3 cane toad simulacra
  5 scorpions
  5 two-headed ogre simulacra (IceCv)
  Dowan (D:6)
  5 elephant simulacra
  32 killer bees
  3 howler monkeys
  8 electric eels
  A bombardier beetle (D:5)
  10 jellies
  4 gnoll boudas
  26 orc priests
  4 hounds
  3 sleepcaps
  3 iguanas
  27 orc wizards
  6 spriggan simulacra (IceCv)
  4 troll simulacra (IceCv)
  2 polar bear simulacra (IceCv)
  4 wolf simulacra (IceCv)
  20 gnolls
  9 naga simulacra (IceCv)
  10 adders
  A river rat (D:6)
  A shadow imp (D:6)
  17 white imps
  5 ufetubi
  12 dart slugs
  A ribbon worm (D:2)
  102 orcs
  8 ball pythons
  A bat (D:3)
  17 endoplasms
  10 giant cockroaches
  3 goblins
  13 hobgoblins
  4 jackals (D:1)
  3 quokkas
  11 frilled lizards
  2 kobolds
  2 rats
  3 tentacles (Shoals:2)
1162 creatures vanquished.

Vanquished Creatures (collateral kills)
  A boulder (D:9)
1 creature vanquished.

Vanquished Creatures (others)
  5 boulders
  A tentacle (Shoals:2)
6 creatures vanquished.

Grand Total: 1169 creatures vanquished

Notes
Turn   | Place    | Note
-------+----------+-------------------------------------------
     0 | D:1      | ripuliukko the Gargoyle Earth Elementalist began the quest
                  | for the Orb.
     0 | D:1      | Reached XP level 1. HP: 10/10 MP: 3/3
   292 | D:1      | Reached XP level 2. HP: 13/15 MP: 0/5
  1201 | D:2      | Reached XP level 3. HP: 19/19 MP: 1/7
  1416 | D:2      | Got the Tractate on Leaden Maleficia
  1440 | D:2      | Reached skill level 3 in Spellcasting
  1746 | D:2      | Reached XP level 4. HP: 23/24 MP: 2/8
  2286 | D:3      | Learned a level 3 spell: Stone Arrow
  2291 | D:3      | Learned a level 4 spell: Brom's Barrelling Boulder
  3361 | D:4      | Found a bloodstained altar of Trog.
  3439 | D:4      | Noticed a black bear
  3447 | D:4      | Killed a black bear
  3448 | D:4      | Reached skill level 4 in Spellcasting
  3448 | D:4      | Reached XP level 5. HP: 10/28 MP: 3/11
  3520 | D:4      | Found a burning altar of Makhleb.
  3548 | D:4      | Found a hazy altar of Hepliaklqana.
  3667 | D:4      | Found a shimmering blue altar of Sif Muna.
  3672 | D:4      | Noticed a sky beast
  3709 | D:4      | Killed a sky beast
  3710 | D:4      | Reached skill level 1 in Armour
  3710 | D:4      | Reached skill level 5 in Earth Magic
  3710 | D:4      | Reached skill level 1 in Evocations
  3710 | D:4      | Reached XP level 6. HP: 20/33 MP: 0/12
  4092 | D:4      | Reached XP level 7. HP: 28/37 MP: 9/14
  4678 | D:5      | Entered Level 5 of the Dungeon
  4685 | D:5      | Noticed Edmund
  4693 | D:5      | Killed Edmund
  4694 | D:5      | Reached skill level 5 in Spellcasting
  4835 | D:5      | You fall into a shaft and drop 2 floors!
  4935 | D:6      | Reached XP level 8. HP: 42/42 MP: 8/16
  4947 | D:6      | Noticed Pikel
  4973 | D:6      | Killed Pikel
  4974 | D:6      | Reached skill level 6 in Spellcasting
  4974 | D:6      | Reached skill level 1 in Alchemy
  5000 | D:6      | Found Fuecops's Book Shoppe.
  5005 | D:6      | Bought a Young Poisoner's Handbook for 200 gold pieces
  5010 | D:6      | Learned a level 4 spell: Olgreb's Toxic Radiance
  5012 | D:6      | Found a stormy altar of Qazlal.
  5015 | D:6      | Noticed an air elemental
  5015 | D:6      | Noticed a water elemental
  5098 | D:6      | Found a glowing drain.
  5102 | Sewer    | Entered a sewer
  5740 | D:6      | Found a staircase to the Ecumenical Temple.
  5751 | Temple   | Entered the Ecumenical Temple
  5756 | Temple   | Became a worshipper of Vehumet
  5833 | D:6      | Found Quarai's Assorted Antiques.
  5880 | D:5      | Reached XP level 9. HP: 31/46 MP: 11/19
  5959 | D:5      | Reached skill level 7 in Spellcasting
  6849 | D:6      | Noticed Grinder
  6855 | D:6      | Killed Grinder
  6898 | D:6      | Noticed Duvessa
  6898 | D:6      | Noticed Dowan
  6907 | D:6      | Killed Duvessa
  6911 | D:6      | Killed Dowan
  6911 | D:6      | Reached * piety under Vehumet
  6911 | D:6      | Offered knowledge of Foxfire by Vehumet.
  7399 | D:7      | Reached skill level 8 in Spellcasting
  7434 | D:7      | Found a shadowy altar of Dithmenos.
  7702 | D:7      | Noticed Maggie
  7723 | D:7      | Killed Maggie
  7860 | D:7      | Noticed Maurice
  7866 | D:7      | Killed Maurice
  7867 | D:7      | Reached skill level 1 in Fire Magic
  7867 | D:7      | Reached XP level 10. HP: 51/51 MP: 14/22
  8447 | D:8      | Found a flagged portal.
  8479 | D:8      | Reached skill level 9 in Spellcasting
  8586 | D:8      | Noticed a two-headed ogre
  8587 | Bailey   | Entered a bailey
  8594 | Bailey   | Offered knowledge of Static Discharge by Vehumet.
  8725 | Bailey   | Reached ** piety under Vehumet
  9148 | Bailey   | Reached skill level 5 in Conjurations
  9685 | D:8      | Killed a two-headed ogre
  9686 | D:8      | Reached skill level 1 in Fighting
  9686 | D:8      | Reached skill level 10 in Spellcasting
  9686 | D:8      | Reached XP level 11. HP: 56/56 MP: 11/25
  9692 | D:8      | Learned a level 5 spell: Fireball
  9795 | D:8      | Reached skill level 5 in Alchemy
 10003 | D:8      | Offered knowledge of Hailstorm by Vehumet.
 10008 | D:8      | Noticed a centaur warrior
 10010 | D:8      | Reached skill level 5 in Evocations
 10017 | D:8      | Killed a centaur warrior
 10148 | D:8      | Noticed a cyclops
 10150 | D:8      | Noticed a cyan ugly thing
 10151 | D:8      | Noticed a centaur warrior
 10159 | D:8      | Killed a cyclops
 10450 | D:8      | Noticed a five-headed hydra
 10455 | D:8      | Killed a five-headed hydra
 10475 | D:8      | Noticed Grum
 10489 | D:8      | Killed Grum
 10489 | D:8      | Reached *** piety under Vehumet
 10668 | D:8      | Identified the +3 shortbow of Raonn {drain, rF+ Str+3}
 10675 | D:8      | Identified the +2 glaive of Ocuddeesm {spect, rC- Dex+5}
 10682 | D:8      | Learned a level 5 spell: Lee's Rapid Deconstruction
 10689 | D:8      | Learned a level 6 spell: Bombard
 10689 | D:8      | Identified the ring "Cuczudis" {Str+6 Dex+4}
 10789 | D:9      | Found a broken altar of Ashenzari.
 11105 | D:9      | Noticed a two-headed ogre
 11117 | D:9      | Killed a two-headed ogre
 11118 | D:9      | Reached skill level 11 in Spellcasting
 11165 | D:9      | Found a staircase to the Orcish Mines.
 11168 | D:9      | Offered knowledge of Airstrike by Vehumet.
 11763 | D:9      | Reached skill level 1 in Air Magic
 11815 | D:9      | Noticed a centaur warrior
 11836 | D:9      | Killed a centaur warrior
 11837 | D:9      | Reached XP level 12. HP: 53/61 MP: 8/27
 12346 | D:10     | Entered Level 10 of the Dungeon
 12346 | D:10     | Noticed a two-headed ogre
 12353 | D:10     | Killed a two-headed ogre
 12425 | D:10     | Identified the +5 halberd "Kunnoyt" {freeze, rPois rF-
                  | rN+++ Dex+4}
 12460 | D:10     | Reached **** piety under Vehumet
 13071 | D:10     | Offered knowledge of Arcjolt by Vehumet.
 13087 | D:10     | Noticed a two-headed ogre
 13092 | D:10     | Killed a two-headed ogre
 13093 | D:10     | Reached skill level 12 in Spellcasting
 13220 | D:10     | Noticed Erica
 13224 | D:10     | Killed Erica
 13719 | D:11     | Noticed a two-headed ogre
 13724 | D:11     | Killed a two-headed ogre
 13767 | D:11     | Found a staircase to the Lair.
 13833 | D:11     | Found a frozen archway.
 13926 | IceCv    | Entered an ice cave
 13945 | IceCv    | Reached skill level 10 in Earth Magic
 14439 | IceCv    | Reached ***** piety under Vehumet
 14521 | IceCv    | Offered knowledge of Yara's Violent Unravelling by Vehumet.
 14721 | IceCv    | Noticed a reaper
 14733 | IceCv    | Killed a reaper
 15941 | D:12     | Reached skill level 13 in Spellcasting
 15941 | D:12     | Reached XP level 13. HP: 65/65 MP: 6/30
 16483 | D:12     | Reached skill level 5 in Fire Magic
 17934 | Lair:1   | Entered Level 1 of the Lair of Beasts
 17955 | Lair:1   | Found an ornate altar of the Wu Jian Council.
 17955 | Lair:1   | Found a hide-covered altar of Uskayaw.
 18324 | Lair:1   | Offered knowledge of Spellforged Servitor by Vehumet.
 18840 | Lair:2   | Identified the +9 quarterstaff of Veicatih {venom, Fly
                  | Will+ Dex-2 Stlth+}
 18850 | Lair:1   | HP: 3/66 [komodo dragon (13)]
 18981 | Lair:2   | Learned a level 5 spell: Freezing Cloud
 18988 | Lair:2   | Learned a level 6 spell: Starburst
 19280 | Lair:2   | Reached skill level 14 in Spellcasting
 19877 | Lair:3   | Gained mutation: Your large and strong wings let you fly.
                  | [Gargoyle growth]
 19877 | Lair:3   | Reached XP level 14. HP: 70/74 MP: 3/32
 20411 | Lair:3   | Found a staircase to the Shoals.
 20836 | Lair:3   | Reached skill level 1 in Ice Magic
 21403 | Lair:3   | Offered knowledge of Eringya's Noxious Bog by Vehumet.
 21682 | Lair:3   | Found a staircase to the Snake Pit.
 23010 | Lair:4   | Found a viscous altar of Jiyva.
 23014 | Lair:4   | Found a staircase to the Slime Pits.
 23209 | Lair:5   | Entered Level 5 of the Lair of Beasts
 23294 | Lair:5   | Reached skill level 15 in Spellcasting
 23546 | Lair:5   | Reached skill level 5 in Fighting
 23928 | Lair:5   | Identified the +6 battleaxe of Tyj Anum {protect, rF+ SInv}
 23977 | Lair:5   | Reached skill level 10 in Conjurations
 24317 | Lair:5   | Reached XP level 15. HP: 84/84 MP: 22/34
 24322 | Lair:5   | Learned a level 4 spell: Ignite Poison
 24517 | Lair:4   | Reached skill level 1 in Staves
 24814 | Lair:5   | Offered knowledge of Plasma Beam by Vehumet.
 24963 | Lair:5   | Identified the ring "Ylao" {rElec rCorr EV+5}
 25916 | Lair:5   | Got Xuymm's Tome of the Tundra and Venin
 25925 | Lair:5   | Learned a level 6 spell: Plasma Beam
 26229 | Orc:1    | Entered Level 1 of the Orcish Mines
 26338 | Orc:2    | Entered Level 2 of the Orcish Mines
 26391 | Orc:2    | Found a staircase to the Elven Halls.
 26446 | Orc:2    | Noticed an orc warlord
 26451 | Orc:2    | Killed an orc warlord
 26507 | Orc:2    | Offered knowledge of Iskenderun's Battlesphere by Vehumet.
 26525 | Orc:2    | Found a radiant altar of Vehumet.
 26568 | Orc:2    | Found a bloodstained altar of Trog.
 26654 | Orc:2    | Noticed Donald
 26665 | Orc:2    | Killed Donald
 26856 | Orc:2    | Noticed an orc warlord
 26913 | Orc:2    | Killed an orc warlord
 27159 | Orc:2    | Paralysed by an ogre mage for 4 turns
 27160 | Orc:2    | Reached skill level 16 in Spellcasting
 27222 | Orc:2    | Found Feph's Jewellery Boutique.
 27222 | Orc:2    | Found Etrual's Weapon Shoppe.
 27224 | Orc:2    | Found Soraut's Antique Armour Boutique.
 27224 | Orc:2    | Found Ihimout's Magic Scroll Shoppe.
 27233 | Orc:2    | Bought a scroll of teleportation for 45 gold pieces
 27237 | Orc:2    | Bought a scroll of revelation for 112 gold pieces
 27394 | Orc:1    | Found Omniatt Gawo's Distillery.
 27442 | Orc:1    | Bought a potion of heal wounds for 70 gold pieces
 27442 | Orc:1    | Bought a potion of heal wounds for 70 gold pieces
 27442 | Orc:1    | Bought a potion of heal wounds for 70 gold pieces
 27442 | Orc:1    | Bought a potion of haste for 140 gold pieces
 27731 | Orc:1    | Reached ****** piety under Vehumet
 27731 | Orc:1    | Offered knowledge of Conjure Ball Lightning by Vehumet.
 27771 | Orc:1    | Identified the +0 ring mail "Nepteofyusm" {*Corrode Int+8}
 27876 | Elf:1    | Entered Level 1 of the Elven Halls
 28074 | Elf:1    | Reached XP level 16. HP: 74/90 MP: 28/36
 28449 | Elf:1    | Found Xomug's Antique Weapon Boutique.
 29331 | Snake:1  | Entered Level 1 of the Snake Pit
 29513 | Snake:1  | Reached skill level 5 in Ice Magic
 29755 | Snake:1  | Identified the +5 great mace of Bespelled Fortitude {pain,
                  | rElec rPois rC+++ Dex-3}
 30651 | Snake:2  | Reached skill level 17 in Spellcasting
 31515 | Snake:2  | Offered knowledge of Lehudib's Crystal Spear by Vehumet.
 31526 | Snake:2  | Learned a level 8 spell: Lehudib's Crystal Spear
 31665 | Snake:2  | Identified the +1 scale mail "Jateximp" {Str+2}
 31676 | Snake:2  | You are sucked into a shaft and drop 1 floor!
 31884 | Snake:3  | Reached XP level 17. HP: 96/96 MP: 22/38
 32351 | Snake:3  | Noticed Vashnia
 32362 | Snake:3  | Killed Vashnia
 32783 | Snake:4  | Entered Level 4 of the Snake Pit
 32908 | Snake:4  | Found a runed translucent door.
 32908 | Snake:4  | Found a shimmering altar of Xom.
 32908 | Snake:4  | Noticed Siddir's ghost (journeyman MiBe)
 33457 | Snake:4  | Reached skill level 10 in Evocations
 33655 | Snake:4  | Got a serpentine rune of Zot
 33720 | Snake:4  | Offered knowledge of Fire Storm by Vehumet.
 33720 | Snake:4  | Offered knowledge of Shatter by Vehumet.
 33720 | Snake:4  | Offered knowledge of Chain Lightning by Vehumet.
 33903 | Snake:4  | Noticed Bai Suzhen
 33909 | Snake:4  | Killed Bai Suzhen
 34206 | Snake:4  | Reached skill level 18 in Spellcasting
 34260 | Snake:4  | Identified the +3 long sword of Nilupah {antimagic, Fly
                  | Str+2 Stlth+}
 34702 | Snake:4  | Killed Siddir's ghost
 34921 | Shoals:1 | Entered Level 1 of the Shoals
 35054 | Snake:2  | Found Rozxess's Book Shop.
 35055 | Snake:2  | Found Qiol Xeh's Jewellery Shoppe.
 35055 | Snake:2  | Found Bagruef's Jewellery Shoppe.
 35061 | Snake:2  | Bought the ring "Weca Jit" {rPois MP+9 Dex+2 SInv} for 936
                  | gold pieces
 35484 | Shoals:1 | Learned a level 4 spell: Olgreb's Toxic Radiance
 35627 | Shoals:1 | Reached XP level 18. HP: 107/107 MP: 37/40
 35652 | Shoals:1 | Reached skill level 10 in Fighting
 36248 | Shoals:2 | Found Fienust's Self-Improvement Boutique.
 37426 | Shoals:3 | Noticed Roxanne
 37434 | Shoals:3 | Killed Roxanne
 38299 | Shoals:4 | Entered Level 4 of the Shoals
 38840 | Shoals:4 | Learned a level 5 spell: Borgnjor's Vile Clutch
 39076 | Shoals:4 | Noticed Polyphemus
 39088 | Shoals:4 | Killed Polyphemus
 39203 | Shoals:4 | Found Teqout's Weapon Shoppe.
 39590 | Shoals:4 | Reached skill level 5 in Armour
 39628 | Shoals:4 | Got a barnacled rune of Zot
 39950 | Elf:2    | Found Ethrojog's Jewellery Shop.
 40034 | Elf:2    | Reached XP level 19. HP: 113/113 MP: 40/41
 40057 | Elf:2    | Reached skill level 19 in Spellcasting
 40434 | Elf:2    | Found a runed translucent gate.
 40434 | Elf:2    | Found a runed translucent gate.
 40435 | Elf:2    | Found a runed translucent gate.
 41182 | Elf:2    | Reached skill level 15 in Earth Magic
 41545 | Elf:3    | Entered Level 3 of the Elven Halls
 41775 | Elf:3    | Killed from afar by a ghostly deep elf elementalist

Illustrated notes

Levels and vault maps discovered:
D:1:      roadster_arrival_rocket_large, layout_basic, minmay_tetromino_l2
D:2:      layout_basic, serial_glass, glass_columns_c, glass_columns_a
D:3:      layout_basic, amcnicky_mini_rare_corridor_liquid, kennysheep_potato
D:4:      layout_basic, mainiacjoe_overflow_small_starburst,
          trog_three_pillars_becter, mainiacjoe_overflow_catwalk_spiral,
          serial_co_window_serial, co_window_of_opportunity_a,
          co_window_of_opportunity_a, co_window_corner_a, co_window_paths_a,
          co_window_paths_a, co_window_corner_a, co_window_of_opportunity_a,
          co_window_paths_b, co_window_of_opportunity_a, co_window_broadway_b,
          co_window_unsneaky_path_b, co_window_of_opportunity_c,
          co_window_2corner, co_window_4corner_b
D:5:      layout_loops_ring, uniq_edmund
D:6:      layout_loops_ring, nicolae_qazlal_style_of_elements,
          minmay_temple_entry_tees, gup_sewer_entry_bowl, serial_shops,
          nicolae_shop_window_shopping, shop, uniq_pikel, uniq_grinder,
          uniq_duvessa
D:7:      layout_basic, lemuel_doored_altar, uniq_maurice, uniq_maggie
D:8:      minmay_the_grid_triangle_9x9_rhombus_thin
          [minmay_the_grid_triangle_9x9_sprig,
          minmay_the_grid_triangle_9x9_prize_insulated,
          minmay_the_grid_triangle_9x9_swiss_cheese,
          minmay_the_grid_triangle_9x9_intruding_spiral], layout_gridville,
          enter_bailey_2, uniq_grum
D:9:      lemuel_ice_statue, layout_loops_cross, mainiacjoe_overflow_boulevard,
          minmay_orc_entry_temple_small, grunt_ministairs_3, minivault_1
D:10:     layout_basic, serial_bayou_ford_a, uniq_erica
D:11:     layout_cave_pools, lair_entry_dummy, portal_ice_cave_entry_imps,
          nrook_pool_corridor, fungi_pond_lemuel, minmay_misc_feat_square
D:12:     layout_basic, nzn_sisyphean_effort
Temple:   hellmonk_temple_two_chambers
Lair:1:   wad_woods_04, layout_cave_shapes, st_stairs_9,
          nzn_masters_of_martial_movement
Lair:2:   layout_roguey, special_room [special_room_bee]
Lair:3:   lemuel_slime, layout_cave_pods, minmay_shoals_entry_lonely_mermaid,
          alex1729_snake_entry_snake, serial_bayou_pond_a, serial_bayou_shore_b
Lair:4:   hellmonk_destroyed_diamonds, layout_regular_city, slime_entry_1,
          minivault_24
Lair:5:   due_jungle_book, layout_layer_cave, st_stairs_4,
          infiniplex_staircase_pool
Shoals:1: layout_shoals, nicolae_tricolors
Shoals:2: layout_shoals, nicolae_shop_self_help
Shoals:3: layout_shoals, nicolae_shoals_nymph_descending_staircase, uniq_roxanne
Shoals:4: shoals_end_grunt_ice, layout_shoals, serial_shops,
          nicolae_shop_rolling_square, nicolae_shoals_beach_house_on_fowls_legs,
          uniq_polyphemus
Snake:1:  layout_honeycomb, grunt_megastairs_5, serial_bayou_shore_b
Snake:2:  layout_onion, grunt_megastairs_4, minmay_shop_grove
Snake:3:  layout_cave_town, uniq_vashnia
Snake:4:  snake_pit, layout_basic, ebering_ghost_xom, uniq_bai_suzhen
Orc:1:    layout_caves, serial_shops, nicolae_shop_tiny_statue_garden,
          lightli_church_of_beogh
Orc:2:    grunt_orc_tribal_feast, layout_caves, basic_altar,
          david_defended_altar_orc, uniq_donald
Elf:1:    eino_elf_arrival_shootout, layout_gridlike, serial_shops, shop,
          nicolae_elf_blasts_and_bolts, nrook_loot_triangle
Elf:2:    elven_hall_of_blades_hangedman_original
          [nicolae_blade_entry_diamond_columns], layout_gridlike, serial_shops,
          nicolae_shop_statue_plus, special_room [special_room_orc]
Elf:3:    elf_hall_gauntlet_wide, layout_geoelf_grid

Skill      XL: |  1  2  3  4  5  6  7  8  9 10 11 12 13 14 15 16 17 18 19 |
---------------+----------------------------------------------------------+-----
Earth Magic    | 4 5 6 7 8 9 10 11 12 13 14 15 | 15.2
Spellcasting   | 3 4 5 6 8 10 11 13 14 15 16 17 18 19 | 19.4
Conjurations   | 2 3 4 5 6 7 9 10 11 12 13 14 | 14.5
Armour         | 1 2 3 4 5 6 |  6.1
Evocations     | 1 2 4 5 6 7 8 9 10 | 10.9
Alchemy        | 1 3 4 6 7 8 |  8.8
Fire Magic     | 1 2 3 4 5 6 |  6.6
Fighting       | 1 3 6 7 9 10 | 10.7
Air Magic      | 1 2 3 |  3.8
Ice Magic      | 3 4 5 7 |  7.9
Staves         | 3 4 |  4.0
Dodging        | 2 |  2.8
Maces & Flails | |  0.8
Stealth        | |  2.7

Action                     |  1- 3 |  4- 6 |  7- 9 | 10-12 | 13-15 | 16-18 | 19-21 || total
---------------------------+-------+-------+-------+-------+-------+-------+-------++-------
  Melee: Hand axe          |     5 |       |       |       |       |       |       ||     5
         Unarmed           |     3 |       |       |       |       |       |       ||     3
         Quarterstaff      |       |    13 |     1 |       |       |       |     2 ||    16
         Whip              |       |       |    16 |    27 |       |       |       ||    43
         Staff             |       |       |       |    35 |    73 |    50 |     8 ||   166
         Punch             |       |       |       |     2 |     1 |       |       ||     3
   Cast: Sandblast         |    46 |    61 |   169 |   141 |   127 |     7 |     2 ||   553
         Stone Arrow       |       |     1 |    12 |    20 |   171 |   520 |    91 ||   815
         Brom's Barrelling |       |       |     6 |     4 |       |       |       ||    10
         Olgreb's Toxic Ra |       |       |       |    82 |    79 |    40 |    13 ||   214
         Fireball          |       |       |       |    84 |    56 |   124 |     2 ||   266
         Lee's Rapid Decon |       |       |       |    18 |    46 |    43 |    14 ||   121
         Bombard           |       |       |       |    12 |    77 |    47 |    12 ||   148
         Starburst         |       |       |       |       |    49 |    22 |     1 ||    72
         Freezing Cloud    |       |       |       |       |    36 |    73 |     2 ||   111
         Ignite Poison     |       |       |       |       |    18 |    34 |    13 ||    65
         Plasma Beam       |       |       |       |       |     3 |     4 |       ||     7
         Lehudib's Crystal |       |       |       |       |       |     5 |       ||     5
         Borgnjor's Vile C |       |       |       |       |       |     1 |       ||     1
  Evoke: Wand              |       |       |     4 |     4 |     7 |     4 |     1 ||    20
    Use: Scroll            |       |     7 |     6 |    11 |    12 |     8 |     3 ||    47
         Potion            |       |     1 |       |     7 |     3 |     6 |       ||    17
   Stab: Sleeping          |       |       |       |     1 |       |       |       ||     1
 Armour: Robe              |    31 |     9 |    53 |    29 |       |       |       ||   122
         Leather armour    |       |    44 |    27 |       |       |       |       ||    71
         Steam dragon scal |       |       |    49 |    74 |       |       |       ||   123
         Troll leather arm |       |       |       |   123 |   385 |   460 |    83 ||  1051
  Dodge: Dodged            |    37 |    28 |   106 |   146 |   167 |   298 |    60 ||   842
